 Dungeon Crawl Stone Soup version 0.25-a0-589-g1e14c549ee (webtiles) character file.

Game seed: 13409577407662250294, levelgen mode: deterministic

225 Esekla the Ducker (level 5, 0/25 HPs)
             Began as a Spriggan Artificer on Mar 12, 2020.
             Slain by Crazy Yiuf
             ... wielding a +4 quarterstaff of chaos
              (4 damage)
             ... on level 2 of the Dungeon.
             The game lasted 00:14:41 (2823 turns).

Esekla the Ducker (Spriggan Artificer)              Turns: 2823, Time: 00:14:42

Health: 0/25       AC:  2    Str:  8    XL:     5   Next: 68%
Magic:  9/9        EV: 20    Int: 13    God:
Gold:   133        SH:  0    Dex: 17    Spells: 8/8 levels left

rFire    . . .     SeeInvis +   v - +1 dagger (venom)
rCold    . . .     Gourm    .   (shield restricted)
rNeg     . . .     Faith    .   b - +0 robe
rPois    .         Spirit   .   (helmet restricted)
rElec    .         Reflect  .   (no cloak)
rCorr    .         Harm     .   (gloves unavailable)
MR       .....                  (boots unavailable)
Stlth    +++.......             (no amulet)
HPRegen  0.08/turn              (no ring)
MPRegen  0.11/turn              (no ring)

@: very quick
A: very small, unfitting armour, see invisible, herbivore, speed 3, slow
metabolism 2
a: no special abilities


You were on level 2 of the Dungeon.
You were not hungry.

You visited 1 branch of the dungeon, and saw 2 of its levels.

You collected 133 gold pieces.

Inventory:

Hand Weapons
 s - a +4 dagger
 v - a +1 dagger of venom (weapon)
Missiles
 r - a boomerang (quivered)
Armour
 b - a +0 robe (worn)
 l - a +0 leather armour
 t - a +0 leather armour
Wands
 c - a wand of flame (15)
 d - a wand of enslavement (15)
 e - a wand of random effects (9)
Scrolls
 h - 3 scrolls of remove curse {unknown}
 k - a scroll of magic mapping {unknown}
 p - a scroll of noise {unknown}
Potions
 a - 2 potions of curing {unknown}
 g - 3 potions of brilliance {unknown}
 i - a potion of invisibility {unknown}
 j - a potion of lignification {unknown}
 m - a potion of stabbing {unknown}
 n - 2 potions of haste {unknown}
 o - a potion of resistance
 q - a potion of might
Comestibles
 f - 3 rations


   Skills:
 - Level 0.7 Fighting
 * Level 3.8 Short Blades
 * Level 5.2 Dodging
 + Level 4.0 Stealth
 * Level 2.4 Spellcasting
 - Level 4.0 Evocations


You had 8 spell levels left.
You didn't know any spells.
Your spell library was empty.

Dungeon Overview and Level Annotations

Branches:
Dungeon (2/15)

Altars:
Vehumet

Annotations:
D:2 Crazy Yiuf


Innate Abilities, Weirdness & Mutations

You are very small and have problems with some larger weapons.
You are too small for most types of armour.
You have supernaturally acute eyesight. (SInv)
You are a herbivore.
You cover ground extremely quickly.
You need to consume almost no food.


Message History

Press: ? - help, Shift-Dir - straight line, f/p - Crazy Yiuf
Aim: Crazy Yiuf, wielding a +4 quarterstaff of chaos and wearing a +0 cloak (almost dead, poisoned)
You throw a boomerang.
The boomerang hits Crazy Yiuf but does no damage.
Crazy Yiuf is almost dead.
Crazy Yiuf looks more healthy.
Crazy Yiuf grits, "Nubble seventy disdain!"
You hit Crazy Yiuf.
Crazy Yiuf is almost dead.
Throwing (i - inventory)
r - a boomerang (quivered)
Press: ? - help, Shift-Dir - straight line, f/p - Crazy Yiuf
Aim: Crazy Yiuf, wielding a +4 quarterstaff of chaos and wearing a +0 cloak (almost dead)
You throw a boomerang.
The boomerang hits Crazy Yiuf but does no damage.
Crazy Yiuf is almost dead.
Crazy Yiuf screams, "Mama!"
Crazy Yiuf hits you with a +4 quarterstaff of chaos!
* * * LOW HITPOINT WARNING * * *
Crazy Yiuf burns you.
You die...

##..######.#.#####...
#.........#.# #..#
##.....####.# #...
##.#.## #.# ##..
#.#.# #)# #...
#...#####.#####..#
###...............
###g..##.#.#.####..
#.@......#.#.# ###
#.#...####.#.#
#.##.## #.#.# #.##.#
#.#.# # #.##.# #.#.#
# #.##.# #.#.# #
#.##.# #.#|## #
#.##.# #....#####
#.##.# #.........


You could see Crazy Yiuf.

Vanquished Creatures
  Sigmund (D:2)
  A gnoll (D:1)
  A worm (D:1)
  A dart slug (D:2)
  A leopard gecko (D:1)
  3 ball pythons (D:2)
  2 giant cockroaches (D:2)
  5 goblins
  8 hobgoblins
  7 jackals (D:1)
  10 kobolds
  A quokka (D:2)
  7 bats
  3 frilled lizards
  8 rats
59 creatures vanquished.

Notes
Turn   | Place    | Note
-------+----------+-------------------------------------------
     0 | D:1      | Esekla the Spriggan Artificer began the quest for the Orb.
     0 | D:1      | Reached XP level 1. HP: 9/9 MP: 4/4
   324 | D:2      | Reached XP level 2. HP: 14/14 MP: 6/6
   456 | D:2      | Reached skill level 1 in Spellcasting
   463 | D:2      | Reached skill level 4 in Dodging
   478 | D:2      | Noticed Sigmund
   750 | D:1      | Reached XP level 3. HP: 5/17 MP: 7/7
  1392 | D:2      | Found a radiant altar of Vehumet.
  1574 | D:2      | Killed Sigmund
  1574 | D:2      | Reached skill level 5 in Dodging
  1574 | D:2      | Reached XP level 4. HP: 21/21 MP: 8/8
  1574 | D:2      | Reached XP level 5. HP: 25/25 MP: 9/9
  2792 | D:2      | Found a runed translucent door.
  2793 | D:2      | Noticed Crazy Yiuf
  2823 | D:2      | Slain by Crazy Yiuf

Levels and vault maps discovered:
D:1:      minmay_arrival_glassed_features, layout_loops_ring,
          minmay_tetromino_l2
D:2:      layout_loops_ring, vehumet_crystals, first_ration,
          uniq_crazy_yiuf_cottage, uniq_sigmund

Skill      XL: |  1  2  3  4  5 |
---------------+----------------+-----
Spellcasting   | 1 2 |  2.4
Dodging        | 4 5 |  5.2
Stealth        | 2 3 4 |  4.0
Short Blades   | 3 |  3.8
Fighting       | |  0.7
Evocations     | |  4.0

Action                   |  1- 3 |  4- 6 || total
-------------------------+-------+-------++-------
Melee: Dagger            |   159 |    79 ||   238
       Short sword       |    10 |       ||    10
Throw: Boomerang         |       |    19 ||    19
Evoke: Wand              |     4 |     2 ||     6
  Use: Potion            |       |     1 ||     1
 Stab: Sleeping          |    10 |     3 ||    13
       Distracted        |       |     1 ||     1
Armor: Robe              |     7 |     4 ||    11
Dodge: Dodged            |    95 |    52 ||   147

Table legend:
 A = Non-vault XP
 B = Vault XP
 C = Vault XP percentage of total XP
 D = Non-vault monster count
 E = Vault monster count
 F = Vault count percentage of total count
                 A         B        C        D         E       F
            +---------+---------+-------+---------+---------+-------
      Total |     110 |     212 |  65.8 |      56 |       3 |   5.1
            +---------+---------+-------+---------+---------+-------
        D:1 |      68 |       4 |   5.6 |      32 |       2 |   5.9
        D:2 |      42 |     208 |  83.2 |      24 |       1 |   4.0
            +---------+---------+-------+---------+---------+-------
